Bosott, neutral male human Tourist ---------------- ----------- |...>..........| |...S)S...| |..............| ------------ ##....S@S...| |..............| $ |...........################ |...S.S...| -----.---------- |..........| ------#--# |.......<.| # ##-...........#### |........########%.........| # # |..........| |.......|# --.-------- # $ ### |...........######....>...|### #### ### # ------------ --------- # # # ### ### ## -----.----- # # --.---.- |.........| ### $ ### |......| |.........| # $ # |......| |..........######## ##-....%.| |.........| -------- ----------- $ $ Bosott the Excursionist Experience level: 8 Strength: 12 Dexterity: 10 Constitution: 17 Intelligence: 16 Wisdom: 6 Charisma: 15 Health: 0(77) Energy: 26(26) AC: 10 Gold: 505 Moves: 3450 Your Inventory: Coins $ - 505 gold pieces Weapons a - an [uncursed +0] morning star r - 27 uncursed +2 darts (in quiver) N - an [uncursed +0] curved sword [scimitar] Comestibles b - 7 uncursed food rations c - 2 uncursed cram rations d - 4 uncursed [stale] eggs e - an uncursed candy bar f - an uncursed tin of newt meat g - an uncursed tin of lichen Scrolls i - 3 uncursed scrolls of magic mapping J - a [blessed] unlabeled scroll [of blank paper] K - 2 [uncursed] unlabeled scrolls [of blank paper] Rings o - a [cursed -1] agate ring [of protection] u - a [cursed -2] iron ring [of gain strength] M - an [uncursed] tiger eye ring [of protection from shape changers] Wands w - an [uncursed] wand of fire (1:0) z - an [uncursed] wand of polymorph [0:2] C - an [uncursed] wand of enlightenment [0:10] Tools l - an uncursed expensive camera (0:94) m - an uncursed credit card B - an [uncursed] tin opener E - an [uncursed wax] candle T - an [uncursed] towel Gems p - an [uncursed] white gem [worthless glass] s - an [uncursed] yellowish brown gem [worthless glass] Spells known in the end: Name Level Category Fail Memory Your skills at the end: Fighting Skills Weapon Skills dagger [Basic / Expert] dart [Basic / Expert] Spellcasting Skills Final Attributes: You were piously aligned. Hunger level was 527. Your alignment was 25 / 27. Monster difficulty range was 0 - 6. Level difficulty was 4. You resisted poison. Your luck was zero. You are dead. Vanquished creatures: a tengu a giant beetle an iron piercer a gnome king a lizard 2 dingos a human zombie a bugbear 4 enormous rats a shrieker 2 violet fungi a gnome lord a paper golem a baby crocodile 2 giant ants a little dog a floating eye 7 hill orcs a giant bat 2 iguanas 3 coyotes a hobbit 2 giant rats 8 cave spiders a brown mold a yellow mold 2 gnomes 2 gnome zombies 2 geckos 4 jackals 2 kobolds a goblin 2 sewer rats 3 grid bugs a bat 5 lichens a kobold zombie 2 newts 76 creatures vanquished. Voluntary challenges: You used a wielded weapon 134 times. You read items or engraved 15 times. You put on armor 3 times. You never genocided any monsters. You never polymorphed an object. You changed form 2 times. You used no wishes. You wrote Elbereth's name 6 times. You never encountered a bones level. You never used any Sokoban shortcuts. Dungeon overview: The Dungeons of Doom: levels 1 to 7 Level 1 a fountain a long staircase Level 2 a general store Level 3 a fountain Level 4 <- You were here a fountain stairs to The Gnomish Mines Level 5 some sinks Level 6 many fountains The Gnomish Mines: Level 5 stairs to The Dungeons of Doom History has recorded: On T:1 you entered the Dungeons of Doom to retrieve the Amulet of Yendor! On T:307 you reached level 2 of The Dungeons of Doom. On T:337 you advanced to experience level 2. On T:539 you advanced to experience level 3. On T:802 you reached level 3 of The Dungeons of Doom. On T:941 you advanced to experience level 4. On T:958 you reached level 4 of The Dungeons of Doom. On T:1122 you advanced to experience level 5. On T:1257 you reached level 1 of The Gnomish Mines. On T:1378 you reached level 5 of The Dungeons of Doom. On T:1686 you advanced to experience level 6. On T:1835 you reached level 6 of The Dungeons of Doom. On T:2503 you advanced to experience level 7. On T:2967 you reached level 7 of The Dungeons of Doom. On T:3434 you advanced to experience level 8. Latest messages: You turn into a winter wolf! Your shirt rips to shreds! Your helmet falls to the fountain! Your boots are pushed off your feet! You find you must drop your weapon! Use the command #monster to use your breath weapon. The water moccasin bites! The water moccasin's bite was poisoned! The water moccasin bites! The water moccasin's bite was poisoned! The water moccasin misses. (2x) The water moccasin bites! [HP+3=22] You bite the water moccasin. The water moccasin misses. The water moccasin bites! (3x) [HP-17=5] The water moccasin bites! (2x) You return to human form! The water moccasin bites! The water moccasin's bite was poisoned! The water moccasin bites! (3x) The water moccasin's bite was poisoned! You hear the howling of the CwnAnnwn... You die... Final status: Aloha Bosott the Tourist... You died in The Dungeons of Doom on dungeon level 4 with 2673 points, and 505 pieces of gold, after 3450 moves. You were level 8 with a maximum of 77 hit points when you died.